[Event "FRA-ch Women 2018"]
[Site "Nimes"]
[Date "2018.08.19"]
[Round "2"]
[White "Milliet, Sophie"]
[Black "Haussernot, Cecile"]
[Result "1-0"]
[ECO "C02"]
[WhiteElo "2389"]
[BlackElo "2198"]
[Annotator "NA"]
[PlyCount "103"]
[EventDate "2018.08.18"]
[EventType "tourn"]
[EventCountry "FRA"]
[SourceTitle "playchess.com"]
[Source "ChessBase"]
[SourceQuality "1"]
[TimeControl "40/5400+30:1800+30"]

1. e4 e6 2. d4 d5 3. e5 c5 4. c3 Nc6 5. Nf3 Qb6 6. a3 Nh6 7. b4 cxd4 8. Bxh6 gxh6 9. cxd4 Rg8 $16 (9... Bd7 $11 {remains equal.}) 10. Nc3 a6 11. Na4 Qa7 12. Rb1 Rg4 13. Nc5 b6 14. Nb3 Bd7 15. h3 Rg7 16. g3 a5 17. b5 Ne7 18. a4 Nf5 19. Bd3 Bb4+ 20. Kf1 Kf8 21. Rc1 Kg8 22. Rc2 Ba3 23. g4 Ne7 24. Qa1 Bb4 25. Qc1 Rc8 26. Rxc8+ Nxc8 27. Qxh6 Qc7 28. Qc1 Qd8 29. g5 Ne7 30. Nh2 Nf5 31. Ng4 Kh8 32. Nf6 Be7 33. h4 Bxf6 34. exf6 Rg8 35. Bxf5 exf5 36. Nd2 Qe8 37. Nf3 Qe4 38. Qe3 f4 39. Qxe4 dxe4 40. Ne5 Be6 41. Ke2 Rd8 42. Rc1 Rxd4 43. Nxf7+ Kg8 44. Nh6+ Kf8 45. h5 Ke8 46. g6 hxg6 47. hxg6 Rxa4 48. g7 Ra2+ 49. Ke1 e3 50. fxe3 f3 51. f7+ Kd7 52. f8=N+ 1-0

[Event "FRA-ch Women 2018"]
[Site "Nimes"]
[Date "2018.08.19"]
[Round "2"]
[White "Guichard, Pauline"]
[Black "Navrotescu, Andreea-C"]
[Result "1-0"]
[ECO "A04"]
[WhiteElo "2365"]
[BlackElo "2247"]
[Annotator "NA"]
[PlyCount "81"]
[EventDate "2018.08.18"]
[EventType "tourn"]
[EventCountry "FRA"]
[SourceTitle "playchess.com"]
[Source "ChessBase"]
[SourceQuality "1"]
[TimeControl "40/5400+30:1800+30"]

1. Nf3 c5 2. c4 Nc6 3. b3 e5 4. Bb2 d6 5. g3 g6 6. Bg2 Bg7 7. d3 Nge7 8. Nc3 O-O 9. O-O Rb8 10. Ne1 Be6 11. Nd5 b5 12. Nc2 f5 13. f4 bxc4 14. dxc4 e4 15. Bxg7 Kxg7 16. Nce3 Bxd5 17. cxd5 Nd4 18. Qd2 $11 Qb6 19. g4 Qb4 20. Qb2 Kg8 21. Kh1 a5 22. Rac1 a4 23. gxf5 gxf5 24. Rg1 a3 25. Bf1+ Ng6 26. Qa1 Qd2 27. Nc4 Qxf4 28. e3 Qh6 29. exd4 cxd4 30. Nxd6 d3 31. Rc7 Rbd8 32. Qe5 d2 33. Be2 f4 34. Qe6+ Kh8 35. Nf7+ Rxf7 36. Rxf7 f3 37. Bc4 Qh4 38. d6 Rg8 39. Rxf3 Rd8 40. Rh3 d1=Q 41. Rxd1 1-0

[Event "FRA-ch Women 2018"]
[Site "Nimes"]
[Date "2018.08.19"]
[Round "2"]
[White "Guichard, Pauline"]
[Black "Navrotescu, Andreea-Cristiana"]
[Result "*"]
[ECO "A04"]
[WhiteElo "2365"]
[BlackElo "2247"]
[Annotator "NA"]
[PlyCount "48"]
[EventDate "2018.08.18"]
[EventType "tourn"]
[EventCountry "FRA"]
[SourceTitle "playchess.com"]
[Source "ChessBase"]
[SourceQuality "1"]
[TimeControl "40/5400+30:1800+30"]

1. Nf3 c5 2. c4 Nc6 3. b3 e5 4. Bb2 d6 5. g3 g6 6. Bg2 Bg7 7. d3 Nge7 8. Nc3 O-O 9. O-O Rb8 10. Ne1 Be6 11. Nd5 b5 12. Nc2 f5 13. f4 bxc4 14. dxc4 e4 15. Bxg7 Kxg7 16. Nce3 Bxd5 17. cxd5 Nd4 18. Qd2 $11 Qb6 19. g4 Qb4 20. Qb2 Kg8 21. Kh1 a5 22. Rac1 a4 23. gxf5 gxf5 24. Rg1 a3 *

[Event "FRA-ch Women 2018"]
[Site "Nimes"]
[Date "2018.08.19"]
[Round "2"]
[White "Benmesbah, Natacha"]
[Black "Afraoui, Anaelle"]
[Result "1-0"]
[ECO "B31"]
[WhiteElo "2255"]
[BlackElo "2041"]
[Annotator "NA"]
[PlyCount "127"]
[EventDate "2018.08.18"]
[EventType "tourn"]
[EventCountry "FRA"]
[SourceTitle "playchess.com"]
[Source "ChessBase"]
[SourceQuality "1"]
[TimeControl "40/5400+30:1800+30"]

1. e4 c5 2. Nf3 Nc6 3. Bb5 g6 4. O-O Bg7 5. Re1 Nf6 6. e5 Nd5 7. Nc3 Nc7 8. Bxc6 dxc6 9. Ne4 Ne6 10. d3 O-O 11. Be3 b6 12. Qd2 f5 13. exf6 {[%emt 0:03:27] B31: Sicilian: 2...Nc6 3 Bb5 g6} exf6 14. Bh6 a5 15. a4 Ra7 16. Bxg7 Kxg7 17. Qc3 Nc7 $146 (17... Re8 $11 {hält das Gleichgewicht.}) ({Predecessor:} 17... Nf4 18. d4 Nd5 19. Qb3 f5 20. Ned2 cxd4 21. Nxd4 {1-0 (30) Kveinys,A (2530)-Ramesh,R (2475) Bled 2002}) 18. h3 ({Günstiger ist} 18. d4 $14) 18... Nd5 19. Qd2 $11 Re7 20. d4 Rfe8 21. Ng3 c4 22. Rxe7+ Rxe7 23. Re1 Rxe1+ 24. Qxe1 Qe7 25. Qxe7+ Nxe7 26. Nd2 b5 27. Nge4 Nd5 28. c3 Nf4 29. Nc5 Bf5 30. f3 Bc2 31. h4 Kf7 32. Kf2 Ne6 33. axb5 Nxc5 34. dxc5 cxb5 35. Ke3 Ke6 36. Kd4 f5 37. Nf1 f4 38. Nd2 h6 39. Nf1 Bd3 40. Nd2 Be2 41. Ne4 Bf1 42. Nd6 Bxg2 43. Ke4 g5 44. Nxb5 Bh3 45. Nd4+ Kd7 46. Ke5 gxh4 47. Kxf4 Kc7 48. Ke3 Bd7 49. Kf2 h3 50. Kg3 h5 51. f4 h4+ 52. Kh2 Bg4 53. f5 Kd7 54. c6+ Ke7 55. c7 Kd7 56. f6 Bh5 57. Nb5 Bg6 58. Kxh3 Bf7 59. c8=Q+ Kxc8 60. Nd6+ Kd7 61. Nxf7 Ke6 62. Ne5 Kxf6 63. Nxc4 a4 64. Nb6 1-0

[Event "FRA-ch Women 2018"]
[Site "Nimes"]
[Date "2018.08.19"]
[Round "2"]
[White "Safranska, Anda"]
[Black "Leconte, Maria"]
[Result "1/2-1/2"]
[ECO "A06"]
[WhiteElo "2193"]
[BlackElo "2224"]
[Annotator "NA"]
[PlyCount "69"]
[EventDate "2018.08.18"]
[EventType "tourn"]
[EventCountry "FRA"]
[SourceTitle "playchess.com"]
[Source "ChessBase"]
[SourceQuality "1"]
[TimeControl "40/5400+30:1800+30"]

1. Nf3 d5 2. g3 c6 3. Bg2 Bg4 4. d3 Nd7 5. O-O Ngf6 6. Qe1 Qc7 7. e4 dxe4 8. dxe4 e5 9. h3 Bh5 10. Nbd2 Nc5 {[%emt 0:05:02] LiveBook: 5 Games} 11. b3 Nfd7 12. Bb2 f6 13. a3 Bf7 14. Kh1 O-O-O 15. Qe2 $15 Be7 16. a4 Na6 17. Nc4 Nf8 18. h4 Be6 19. Kh2 h5 20. Rfd1 Rxd1 21. Rxd1 Nd7 22. Bh3 Bxh3 23. Kxh3 Rd8 24. a5 Ndc5 25. Rxd8+ Qxd8 26. Kg2 Qd7 27. Ne1 g6 28. f3 Ne6 29. c3 g5 30. hxg5 Nxg5 31. Kf1 Qh3+ 32. Qg2 Qd7 33. Qd2 Qh3+ 34. Qg2 Qd7 35. Qd2 1/2-1/2

[Event "FRA-ch Women 2018"]
[Site "Nimes"]
[Date "2018.08.19"]
[Round "2"]
[White "Monpeurt, Cyrielle"]
[Black "Bollengier, Andreea"]
[Result "0-1"]
[ECO "B06"]
[WhiteElo "2175"]
[BlackElo "2219"]
[Annotator "NA"]
[PlyCount "114"]
[EventDate "2018.08.18"]
[EventType "tourn"]
[EventCountry "FRA"]
[SourceTitle "playchess.com"]
[Source "ChessBase"]
[SourceQuality "1"]
[TimeControl "40/5400+30:1800+30"]

1. e4 g6 2. d4 Bg7 3. Nc3 d6 4. Bg5 a6 5. f4 Nc6 6. Nf3 Bg4 7. e5 (7. d5 $11 Nd4 8. Kf2) 7... dxe5 8. dxe5 Qxd1+ 9. Rxd1 $15 h6 10. Bh4 Bxf3 11. gxf3 g5 12. fxg5 Nxe5 13. Kf2 Ng6 14. Bg3 Bxc3 15. bxc3 hxg5 16. Bxc7 Rc8 17. Ba5 Nf6 18. c4 Ne5 19. h4 gxh4 20. Bh3 e6 21. Bc3 Rh5 22. Rhe1 Ned7 23. Rd4 b5 24. Rd6 Rxc4 25. Bxe6 fxe6 26. Rexe6+ Kf7 27. Bxf6 Rxc2+ 28. Ke3 Nxf6 29. Rxf6+ Kg7 30. Rg6+ Kh7 31. Rg4 Rc7 32. Rdd4 h3 33. Rh4 Rcc5 34. Kf2 h2 35. Kg2 Rc2+ 36. Kh1 Rxh4 37. Rxh4+ Kg6 38. a4 Rc4 39. f4 Rxa4 40. Kxh2 Kf5 41. Kg3 Ra3+ 42. Kf2 Ra2+ 43. Ke3 Ra3+ 44. Kd2 b4 45. Rh5+ Ke4 46. f5 Ke5 47. Kc2 a5 48. Kb2 Kf6 49. Kc2 Rf3 50. Rh6+ Kg5 51. Rg6+ Kxf5 52. Ra6 Ra3 53. Kb2 Ke5 54. Rb6 Kd5 55. Rb8 Kc4 56. Rc8+ Kb5 57. Rb8+ Ka4 0-1

[Event "FRA-ch Women 2018"]
[Site "Nimes"]
[Date "2018.08.20"]
[Round "3"]
[White "Navrotescu, Andreea-Cristiana"]
[Black "Benmesbah, Natacha"]
[Result "1-0"]
[ECO "A16"]
[WhiteElo "2247"]
[BlackElo "2255"]
[Annotator "NA"]
[PlyCount "97"]
[EventDate "2018.08.18"]
[EventType "tourn"]
[EventCountry "FRA"]
[SourceTitle "playchess.com"]
[Source "ChessBase"]
[SourceQuality "1"]
[TimeControl "40/5400+30:1800+30"]

1. c4 Nf6 2. Nc3 c5 3. e4 d6 4. g3 e6 5. Bg2 Be7 6. Nge2 a6 7. O-O Qc7 8. b3 Nbd7 9. d4 cxd4 10. Nxd4 Rb8 11. Be3 b6 12. Rc1 Bb7 13. Qe2 Rc8 14. f4 Qb8 15. Bf2 O-O 16. f5 e5 17. Nc2 b5 18. Ne3 Nc5 19. Ned5 Bxd5 20. exd5 bxc4 21. bxc4 Qb4 22. g4 Nfd7 23. h4 Nb6 24. Nb1 Nca4 25. Nd2 Nb2 26. Rb1 N6a4 27. Rfc1 Rb8 28. Nb3 Qa3 29. Na5 Bd8 30. Nc6 Rb7 31. Qc2 f6 32. g5 Bb6 33. Bxb6 Rxb6 34. Kh2 fxg5 35. hxg5 Qe3 36. c5 Nxc5 37. f6 Qxg5 38. Rf1 Qh6+ 39. Bh3 Rxf6 40. Ne7+ Kf7 41. Nf5 Qg5 42. Rxb2 Rxb2 43. Qxb2 e4 44. Nxd6+ Ke7 45. Nf5+ Kf7 46. Qd4 e3 47. Qxc5 e2 48. Qe7+ Kg8 49. Qxe2 1-0

[Event "FRA-ch Women 2018"]
[Site "Nimes"]
[Date "2018.08.20"]
[Round "3"]
[White "Leconte, Maria"]
[Black "Monpeurt, Cyrielle"]
[Result "1/2-1/2"]
[ECO "A07"]
[WhiteElo "2224"]
[BlackElo "2175"]
[Annotator "NA"]
[PlyCount "72"]
[EventDate "2018.08.18"]
[EventType "tourn"]
[EventCountry "FRA"]
[SourceTitle "playchess.com"]
[Source "ChessBase"]
[SourceQuality "1"]
[TimeControl "40/5400+30:1800+30"]

1. Nf3 d5 2. g3 Nf6 3. Bg2 c6 4. O-O Bg4 5. b3 e6 6. Bb2 Bxf3 7. exf3 Be7 8. d3 O-O 9. Nd2 a5 10. a4 Nfd7 11. f4 Bf6 12. d4 c5 13. Nf3 Nc6 14. c3 Qb6 15. Ne5 Rfd8 16. Re1 Bxe5 17. fxe5 Rac8 18. f4 cxd4 19. cxd4 Nb4 20. Re2 Rc6 21. Rc1 Rdc8 22. Rxc6 Rxc6 23. g4 Qc7 24. f5 Rc2 25. Bf1 Rxe2 26. Bxe2 Nb8 27. Bb5 Qc8 28. f6 Qc2 29. Qxc2 Nxc2 30. Bc3 Nb4 31. Bxb4 axb4 32. Kf2 g5 33. a5 h6 34. Ke3 Kf8 35. Kd3 Kg8 36. Ke3 Kf8 {[%emt 0:00:06] Ke4} 1/2-1/2

[Event "FRA-ch Women 2018"]
[Site "Nimes"]
[Date "2018.08.20"]
[Round "3"]
[White "Bollengier, Andreea"]
[Black "Guichard, Pauline"]
[Result "0-1"]
[ECO "C47"]
[WhiteElo "2219"]
[BlackElo "2365"]
[Annotator "NA"]
[PlyCount "67"]
[EventDate "2018.08.18"]
[EventType "tourn"]
[EventCountry "FRA"]
[SourceTitle "playchess.com"]
[Source "ChessBase"]
[SourceQuality "1"]
[TimeControl "40/5400+30:1800+30"]

1. e4 e5 2. Nf3 Nc6 3. Nc3 Nf6 4. d4 exd4 5. Nd5 Nb4 6. Bc4 Nbxd5 7. exd5 Qe7+ 8. Kf1 Qc5 9. Qxd4 b5 10. Bb3 Bb7 11. Bg5 Qxd4 12. Nxd4 a6 13. Re1+ Kd8 14. Nf5 h6 15. Bxf6+ gxf6 16. d6 Bxd6 17. Nxd6 cxd6 18. Bxf7 Rh7 19. Bb3 a5 20. c3 Rg7 21. f3 a4 22. Bc2 a3 23. b3 Rc8 24. Re3 d5 25. Bd1 b4 26. cxb4 d4 27. Re1 d3 28. Kf2 Rc1 29. Re3 Ra1 30. Rxd3 Rxa2+ 31. Ke3 Rgxg2 32. Rd6 Rab2 33. Rb6 a2 34. Kd4 0-1

[Event "FRA-ch Women 2018"]
[Site "Nimes"]
[Date "2018.08.20"]
[Round "3"]
[White "Haussernot, Cecile"]
[Black "Safranska, Anda"]
[Result "1-0"]
[ECO "B06"]
[WhiteElo "2198"]
[BlackElo "2193"]
[Annotator "NA"]
[PlyCount "127"]
[EventDate "2018.08.18"]
[EventType "tourn"]
[EventCountry "FRA"]
[SourceTitle "playchess.com"]
[Source "ChessBase"]
[SourceQuality "1"]
[TimeControl "40/5400+30:1800+30"]

1. e4 g6 2. d4 Bg7 3. Be3 c6 4. Nc3 d5 5. Nf3 Bg4 6. h3 Bxf3 7. Qxf3 e6 8. O-O-O Ne7 9. h4 h5 10. g4 hxg4 11. Qxg4 dxe4 12. Bg5 f5 13. Qg3 Nd7 14. Bc4 Qb8 15. Qg2 Nd5 16. Bd2 Nf8 17. h5 Nf4 18. Qg5 Nxh5 19. Bxe6 Bh6 20. Qg1 Bxd2+ 21. Rxd2 Qd6 22. d5 Rd8 23. Kb1 Qe7 24. f3 Qf6 25. Rhh2 Nxe6 26. dxe6 Rxd2 27. Rxd2 Qxe6 28. fxe4 O-O 29. e5 Qxe5 30. Qxg6+ Ng7 31. Rd1 f4 32. Rh1 Qf5 33. Qg2 f3 34. Qf2 b6 35. a3 Rf6 36. Rg1 Kf7 37. Qg3 Rg6 38. Qc7+ Kg8 39. Qb8+ Kh7 40. Rh1+ Rh6 41. Rf1 Qh3 42. Rc1 Re6 43. Qf4 Qf5 44. Qg3 Rg6 45. Qh4+ Rh6 46. Qg3 Rh3 47. Qf2 Qf4 48. Qf1 Rh2 49. Qd3+ Qf5 50. Ne4 Rg2 51. Rf1 f2 52. Nxf2 Qxd3 53. Nxd3 Kg8 54. Ne5 c5 55. Nc6 Re2 56. Nxa7 Re6 57. Nb5 Ne8 58. Ka2 Nf6 59. Kb3 Kf7 60. Nc7 Rd6 61. Kc4 Rd2 62. Kc3 Rd7 63. Ne8 Kxe8 64. Rxf6 1-0

[Event "FRA-ch Women 2018"]
[Site "Nimes"]
[Date "2018.08.20"]
[Round "3"]
[White "Afraoui, Anaelle"]
[Black "Milliet, Sophie"]
[Result "0-1"]
[ECO "B91"]
[WhiteElo "2041"]
[BlackElo "2389"]
[Annotator "NA"]
[PlyCount "80"]
[EventDate "2018.08.18"]
[EventType "tourn"]
[EventCountry "FRA"]
[SourceTitle "playchess.com"]
[Source "ChessBase"]
[SourceQuality "1"]
[TimeControl "40/5400+30:1800+30"]

1. e4 c5 2. Nf3 d6 3. d4 cxd4 4. Nxd4 Nf6 5. Nc3 a6 6. g3 e5 7. Nb3 Be7 8. Bg2 b5 9. a4 b4 10. Nd5 Nxd5 11. Qxd5 Ra7 12. Be3 Be6 13. Qd3 Rb7 14. O-O O-O 15. Rfc1 a5 16. Nd2 Qc7 17. c3 b3 18. Bf1 Nd7 19. Nc4 Nc5 20. Bxc5 Qxc5 21. Rd1 g6 22. Qe3 Qc7 23. Na3 Rd8 24. Nb5 Qb8 25. Rd2 Rdd7 26. Rad1 Qf8 27. c4 f5 28. exf5 gxf5 29. f4 e4 30. Qxb3 Bd8 31. Kh1 Bf7 32. Be2 Rb6 33. Qc3 Rc6 34. Nd4 Rc5 35. Nb3 Rc8 36. Nxa5 e3 37. Rc2 Qe8 38. Kg2 Bxa5 39. Qxa5 Qe4+ 40. Kg1 Qxc2 0-1

[Event "FRA-ch Women 2018"]
[Site "Nimes"]
[Date "2018.08.21"]
[Round "4"]
[White "Milliet, Sophie"]
[Black "Safranska, Anda"]
[Result "1-0"]
[ECO "B04"]
[WhiteElo "2389"]
[BlackElo "2193"]
[Annotator "NA"]
[PlyCount "111"]
[EventDate "2018.08.18"]
[EventType "tourn"]
[EventCountry "FRA"]
[SourceTitle "playchess.com"]
[Source "ChessBase"]
[SourceQuality "1"]
[TimeControl "40/5400+30:1800+30"]

1. e4 Nf6 2. e5 Nd5 3. d4 d6 4. Nf3 dxe5 5. Nxe5 c6 6. Bd3 Nd7 7. Nf3 g6 8. O-O Bg7 {[%emt 0:00:09] B04: Alekhine's Defence: 4 Nf3} 9. Re1 O-O 10. h3 Re8 $146 ({Predecessor:} 10... Qc7 11. c4 Nf4 12. Rxe7 Nxd3 13. Qxd3 Qd6 14. Re1 Nf6 15. Be3 Bf5 16. Qb3 {1-0 (38) Movsesian,S (2651)-Orfalea,M (2215) Panormo 2002}) 11. c4 Nb4 12. Bf1 e5 13. Bg5 f6 $1 14. Bd2 Na6 15. dxe5 Nxe5 16. Nxe5 fxe5 17. Nc3 Nc5 18. Be3 Qe7 19. b4 Ne6 20. c5 Rd8 21. Qc1 Qh4 22. g3 Qxb4 23. Rb1 Qa5 24. Ne4 Qc7 25. Bc4 Kh8 26. Nd6 b5 27. Bb3 Rxd6 28. cxd6 Qxd6 29. Qd1 Qc7 30. Rc1 Bd7 31. Qd3 a6 32. Rcd1 Nd4 33. Bxd4 $11 exd4 34. Re7 Qd6 35. Rde1 Bf6 36. Rf7 Rf8 37. Rxf8+ Qxf8 38. Qe4 Qd6 39. Be6 Kg7 40. Bxd7 Qxd7 41. Rc1 Bg5 42. Qxc6 Qf7 43. Rc2 Kh6 44. Qe4 Qd7 45. h4 Bd8 46. Rc5 Bb6 47. Qf4+ Kg7 48. Qe5+ Kh6 49. Qg5+ Kg7 50. Re5 Kf7 51. Qf4+ Kg7 52. Qe4 Kf7 53. h5 Qd6 54. Rd5 Qc7 55. Qg4 Kf6 56. Rd7 {Kg7} 1-0

[Event "FRA-ch Women 2018"]
[Site "Nimes"]
[Date "2018.08.22"]
[Round "5"]
[White "Navrotescu, Andreea-Cristiana"]
[Black "Milliet, Sophie"]
[Result "0-1"]
[ECO "A36"]
[WhiteElo "2247"]
[BlackElo "2389"]
[Annotator "NA"]
[PlyCount "80"]
[EventDate "2018.08.18"]
[EventType "tourn"]
[EventCountry "FRA"]
[SourceTitle "playchess.com"]
[Source "ChessBase"]
[SourceQuality "1"]
[TimeControl "40/5400+30:1800+30"]

1. g3 c5 2. c4 Nc6 3. Bg2 g6 4. Nc3 Bg7 5. e4 d6 6. Nge2 Nf6 7. d3 O-O 8. O-O Rb8 9. Rb1 a6 {[%emt 0:00:51] LiveBook: 78 Games} 10. a4 Ne8 11. Be3 e5 {[%emt 0:00:29] A36: Symmetrical English vs ...g6: 4 Bg2 Bg7} (11... Nc7 12. d4 cxd4 13. Nxd4 Ne6 14. Nde2 Nc5 15. b4 Nd7 16. f4 a5 17. b5 Nb4 18. Nd5 Nc5 19. Nxb4 axb4 20. Rxb4 {0-1 (53) Eljanov,P (2711)-Amonatov,F (2636) Riadh 2017}) 12. f4 $146 ({Predecessor:} 12. Qd2 Nc7 13. Bh6 Be6 14. Bxg7 Kxg7 15. f4 f6 16. Nd5 b5 17. b3 Nd4 18. Nxd4 cxd4 19. Nb4 {1-0 (58) Foisor,M (2155)-Paulet,I (2342) Eforie Nord 2009}) 12... exf4 13. Nxf4 Nc7 14. Qd2 b5 15. axb5 axb5 16. b3 b4 17. Ncd5 Nxd5 18. Nxd5 Be6 19. Nf4 Qd7 20. Ne2 $15 Bg4 21. Bf3 Bxf3 22. Rxf3 Ra8 23. d4 Qe7 24. dxc5 dxc5 25. Qd5 Ne5 26. Rff1 Rac8 27. Rbd1 Rfe8 28. h3 Red8 29. Bxc5 Qg5 30. Bd6 Qe3+ 31. Rf2 Qxb3 32. c5 Qe3 33. Kf1 b3 34. Qd4 Ng4 35. hxg4 Bxd4 36. Nxd4 Qxe4 37. Kg1 Qxg4 38. Rd3 Re8 39. Nxb3 Re1+ 40. Rf1 Qe2 0-1

[Event "FRA-ch Women 2018"]
[Site "Nimes"]
[Date "2018.08.22"]
[Round "5"]
[White "Leconte, Maria"]
[Black "Benmesbah, Natacha"]
[Result "1-0"]
[ECO "B22"]
[WhiteElo "2224"]
[BlackElo "2255"]
[Annotator "NA"]
[PlyCount "101"]
[EventDate "2018.08.18"]
[EventType "tourn"]
[EventCountry "FRA"]
[SourceTitle "playchess.com"]
[Source "ChessBase"]
[SourceQuality "1"]
[TimeControl "40/5400+30:1800+30"]

1. e4 c5 2. c3 d5 3. exd5 Qxd5 4. d4 Nc6 5. Nf3 Bf5 6. Be3 Nf6 7. Na3 cxd4 8. Bc4 Qd7 9. Nxd4 Nxd4 10. Bxd4 {[%emt 0:00:08] LiveBook: 4 Games} a6 11. Be2 e6 12. Nc4 Rd8 13. Bb6 Rc8 14. Qb3 Be7 15. Rd1 $11 Qc6 16. O-O Nd5 17. Rfe1 O-O 18. Bd4 Nf4 19. Bf1 b5 20. Ne3 Be4 21. f3 Bg6 22. c4 bxc4 23. Qxc4 a5 24. Qxc6 Rxc6 25. g3 Nh5 26. Bb5 Rcc8 27. Rc1 Nf6 28. Kg2 Bb4 29. Bc3 Bxc3 30. Rxc3 Rb8 31. a4 Rfd8 32. Re2 h5 33. Rc5 Rd4 34. Bc4 Ra8 35. Kf2 Nd7 36. Rb5 Ra7 37. b3 Kh7 38. h4 Nf6 39. Ke1 Bd3 40. Rd2 Bxc4 41. Nxc4 Rad7 42. Rxd4 Rxd4 43. Ke2 Nd5 44. Rxa5 Nc3+ 45. Ke3 Rd1 46. Rxh5+ Kg6 47. Rc5 Nd5+ 48. Ke2 Rg1 49. Ne3 Nf6 50. a5 Rxg3 51. a6 1-0

[Event "FRA-ch Women 2018"]
[Site "Nimes"]
[Date "2018.08.22"]
[Round "5"]
[White "Bollengier, Andreea"]
[Black "Afraoui, Anaelle"]
[Result "1-0"]
[ECO "E68"]
[WhiteElo "2219"]
[BlackElo "2041"]
[Annotator "NA"]
[PlyCount "111"]
[EventDate "2018.08.18"]
[EventType "tourn"]
[EventCountry "FRA"]
[SourceTitle "playchess.com"]
[Source "ChessBase"]
[SourceQuality "1"]
[TimeControl "40/5400+30:1800+30"]

1. c4 Nf6 2. Nc3 g6 3. g3 Bg7 4. Bg2 O-O 5. Nf3 d6 6. O-O e5 7. d4 Nbd7 8. e4 exd4 9. Nxd4 Re8 10. Re1 a6 11. h3 Rb8 12. Be3 Ne5 13. b3 c5 14. Nc2 b5 15. f4 Ned7 16. cxb5 axb5 17. Qxd6 b4 $15 {[%emt 0:10:27] LiveBook: 3 Partien} 18. e5 Rb6 19. Qd1 bxc3 20. exf6 Bxf6 21. Kh2 Rbe6 22. a4 Qc7 23. Bd5 Rd6 24. Qf3 Rd8 25. Red1 Bg7 26. Na3 c2 27. Nb5 Bxa1 28. Nxc7 cxd1=Q 29. Qxd1 Nf6 30. Bxc5 R6d7 31. Qxa1 Nxd5 32. Nxd5 Rxd5 33. Be3 Rd3 34. Qe5 Bb7 35. b4 h5 36. g4 h4 37. Kg1 Rd1+ 38. Kf2 Rh1 39. Bd4 Rh2+ 40. Ke1 Rh1+ 41. Kf2 Rh2+ 42. Ke1 Rh1+ 43. Kd2 Rh2+ 44. Kd3 Rxh3+ 45. Kc4 Rxd4+ 46. Kxd4 Bg2 47. f5 Rg3 48. Qe8+ Kg7 49. f6+ Kh6 50. Qxf7 Rxg4+ 51. Ke3 Kg5 52. Qe7 Re4+ 53. Qxe4 Bxe4 54. f7 h3 55. f8=Q h2 56. Qf4+ 1-0

[Event "FRA-ch Women 2018"]
[Site "Nimes"]
[Date "2018.08.22"]
[Round "5"]
[White "Haussernot, Cecile"]
[Black "Guichard, Pauline"]
[Result "1-0"]
[ECO "C41"]
[WhiteElo "2198"]
[BlackElo "2365"]
[Annotator "NA"]
[PlyCount "87"]
[EventDate "2018.08.18"]
[EventType "tourn"]
[EventCountry "FRA"]
[SourceTitle "playchess.com"]
[Source "ChessBase"]
[SourceQuality "1"]
[TimeControl "40/5400+30:1800+30"]

1. e4 d6 2. d4 Nf6 3. Nc3 e5 4. Nf3 Nbd7 5. Bc4 Be7 6. a4 O-O 7. O-O exd4 8. Nxd4 Nb6 9. Ba2 a5 10. Bg5 Nfd5 11. Nxd5 Nxd5 12. Bxe7 Nxe7 13. f4 d5 14. e5 Ra6 15. c3 Rh6 16. Qf3 $14 c6 17. Rad1 Nf5 18. Bb1 Nxd4 19. Rxd4 f6 20. Re1 fxe5 21. Rxe5 Qh4 22. h3 Qf6 23. Qe3 Be6 24. Bc2 Bf7 25. g4 c5 26. Rd2 Qb6 27. g5 Rd6 28. Kh2 d4 29. cxd4 Rxd4 30. Rxd4 cxd4 31. Qe4 Bg6 32. f5 d3 33. Bxd3 Qxb2+ 34. Kg3 Bf7 35. Re7 Qd2 36. Rxf7 Qxg5+ 37. Kf2 Qd2+ 38. Kf3 Qd1+ 39. Kg3 Qg1+ 40. Kh4 Qf2+ 41. Kh5 Rc8 42. Bc4 Kh8 43. Qg4 Rg8 44. Qxg7+ 1-0

[Event "FRA-ch Women 2018"]
[Site "Nimes"]
[Date "2018.08.22"]
[Round "5"]
[White "Safranska, Anda"]
[Black "Monpeurt, Cyrielle"]
[Result "1-0"]
[ECO "A08"]
[WhiteElo "2193"]
[BlackElo "2175"]
[Annotator "NA"]
[PlyCount "169"]
[EventDate "2018.08.18"]
[EventType "tourn"]
[EventCountry "FRA"]
[SourceTitle "playchess.com"]
[Source "ChessBase"]
[SourceQuality "1"]
[TimeControl "40/5400+30:1800+30"]

1. Nf3 d5 2. g3 c5 3. Bg2 Nf6 4. d3 e6 5. O-O Be7 6. Nbd2 Nc6 7. e4 b6 8. Re1 Bb7 9. a3 Qc7 10. Qe2 O-O 11. e5 {[%emt 0:07:16] C00: French: Unusual White 2nd moves} Nd7 12. c4 $146 ({Predecessor:} 12. h4 Rae8 13. Bh3 f5 14. exf6 Bxf6 15. Bxe6+ Kh8 16. Qd1 Qd6 {1-0 (60) Movsziszian,K (2570)-Salvador,R (2447) Imperia 2009}) 12... Rfd8 13. cxd5 exd5 14. e6 Nf8 15. exf7+ Kxf7 16. Nf1 (16. d4 $5) 16... Bf6 17. Bg5 Re8 18. Qd2 d4 19. Bxf6 gxf6 20. Qh6 Ne7 21. N1d2 Neg6 22. Ne4 Bxe4 23. dxe4 Rad8 24. Red1 Kg8 25. Nh4 Nxh4 26. Qxh4 Qg7 27. Rac1 Ng6 28. Qh5 Re5 29. Qe2 Qd7 30. Bf1 a5 31. f4 Ree8 32. Qc4+ Kh8 33. Qd3 Rc8 34. Re1 Qg7 35. Qf3 Qd7 36. Qb3 Qd6 37. a4 Rg8 38. Kh1 Rc7 39. Bc4 Rd8 40. Rcd1 Rg7 41. Qf3 Re7 42. b3 Nf8 43. Rd2 Nd7 44. Qh5 Rde8 45. Qf5 Nf8 46. Bb5 Rd8 47. Bc4 Rde8 48. Kg1 Ng6 49. h4 Rg7 50. Kf2 Qd7 51. Qxd7 Rxd7 52. Bb5 Rde7 53. Bxe8 Rxe8 54. h5 Ne7 55. g4 Nc6 56. Kf3 Kg7 57. Rg1 Kf7 58. g5 f5 59. g6+ hxg6 60. hxg6+ Kg7 61. exf5 Re3+ 62. Kg4 Ne7 63. Kg5 Nd5 64. f6+ Nxf6 65. Rh2 d3 66. Kf5 Re8 67. Rd1 Rd8 68. Rh3 d2 69. Rh2 Rd5+ 70. Ke6 Rd4 71. Rdxd2 Rxf4 72. Rd6 Kxg6 73. Rg2+ Ng4 74. Kd7+ Kf7 75. Rxb6 Nf6+ 76. Kc6 Ne4 77. Rb7+ Kf6 78. Rc2 Rf5 79. Rc4 Re5 80. Rb6 Re6+ 81. Kc7 Ng5 82. Rxe6+ Nxe6+ 83. Kb6 Nd4 84. Rc3 Ke6 85. Kxc5 {[%emt 0:00:18] Kd5+} 1-0

[Event "FRA-ch Women 2018"]
[Site "Nimes"]
[Date "2018.08.23"]
[Round "6"]
[White "Milliet, Sophie"]
[Black "Monpeurt, Cyrielle"]
[Result "1/2-1/2"]
[ECO "B30"]
[WhiteElo "2389"]
[BlackElo "2175"]
[Annotator "NA"]
[PlyCount "93"]
[EventDate "2018.08.18"]
[EventType "tourn"]
[EventCountry "FRA"]
[SourceTitle "playchess.com"]
[Source "ChessBase"]
[SourceQuality "1"]
[TimeControl "40/5400+30:1800+30"]

1. e4 c5 2. Nf3 Nc6 3. Nc3 Nf6 4. Bb5 Qc7 5. O-O a6 6. Bxc6 dxc6 7. e5 Nd5 8. Ne4 Bg4 {[%emt 0:01:55] LiveBook: 16 Games} 9. Nxc5 e6 10. Nb3 Bxf3 11. Qxf3 Qxe5 12. d4 Qf6 13. Qe2 Bd6 14. c4 Ne7 $11 15. Bd2 O-O 16. Bc3 Qh6 17. g3 b5 18. Na5 Rab8 19. a4 Rfc8 20. Rfd1 Qh3 21. axb5 axb5 22. b3 h5 23. Qf3 h4 24. Bd2 hxg3 25. hxg3 Nf5 26. Nxc6 Rxc6 27. Qxc6 Nxd4 28. Qg2 Qh5 29. g4 Qh4 30. Ra8 Qf6 31. Rxb8+ Bxb8 32. f4 Nxb3 33. Be3 bxc4 34. Qa8 Qh4 35. Qxb8+ Kh7 36. Kf1 Qh3+ 37. Kf2 Qh2+ 38. Kf3 Qh3+ 39. Kf2 Qh2+ 40. Kf3 Qh3+ 41. Ke2 Qg2+ 42. Ke1 Qh1+ 43. Ke2 Qg2+ 44. Bf2 Qe4+ 45. Be3 Qg2+ 46. Ke1 Qh1+ 47. Ke2 1/2-1/2